 Dungeon Sprint DCSS version 0.28.0-45-g0d030f2227 (webtiles) character file.

Game seed: 7178036546365507317

50 McKennaii the Zephyrmancer (level 7, -3/50 HPs)
             Began as a Demigod Air Elementalist on Apr 18, 2022.
             Slain by an ogre
             ... wielding a +0 giant spiked club
              (21 damage)
             ... in the Dungeon (Sprint VI: "Thunderdome").
             The game lasted 00:05:24 (350 turns).

McKennaii the Zephyrmancer (DgAE)                    Turns: 350, Time: 00:05:25

Health: -3/50      AC:  2    Str: 14    XL:     7   Next: 31%
Magic:  17/32      EV: 12    Int: 29    God:
Gold:   145        SH:  5    Dex: 19    Spells: 13/23 levels left

rFire   . . .      SeeInvis +   o - +0 dagger (venom)
rCold   x . .      Faith    .   (no shield)
rNeg    + . .      Spirit   .   a - +0 robe
rPois   +          Reflect  +   (no helmet)
rElec   .          Harm     .   (no cloak)
rCorr   +          Rampage  .   (no gloves)
Will    +....      NoTele   +   (no boots)
Stlth   ++........              n - amulet "Cihata Colo" {Reflect Drain rN+ Str+3 Dex+5 SH+5}
HPRegen 0.16/turn               l - ring of Hiydwixoje {rPois rC- MP+9 Str+2 SInv}
MPRegen 0.23/turn               m - ring "Cinerghun" {Will+ rCorr Int+4}

@: no status effects
A: high MP 1, forlorn, divine attributes
a: no special abilities


You were in the Dungeon.
You visited 1 branch You collected 280 gold pieces.
You spent 135 gold pieces at shops.

Inventory:

Hand Weapons
 o - a +0 dagger of venom (weapon)
Armour
 a - a +0 robe (worn)
Jewellery
 l - the ring of Hiydwixoje (left hand) {rPois rC- MP+9 Str+2 SInv}
   (You bought it in a shop in the Dungeon)

   [ring of see invisible]

   Str:       It affects your strength (+2).
   rC:        It makes you vulnerable to cold.
   rPois:     It protects you from poison.
   MP:        It affects your magic capacity (+9).
   SInv:      It lets you see invisible.
 m - the ring "Cinerghun" (right hand) {Will+ rCorr Int+4}
   (You bought it in a shop in the Dungeon)

   [ring of resist corrosion]

   Int:       It affects your intelligence (+4).
   rCorr:     It protects you from acid and corrosion.
   Will:      It increases your willpower.
 n - the amulet "Cihata Colo" (around neck) {Reflect Drain rN+ Str+3 Dex+5 SH+5}
   (You bought it in a shop in the Dungeon)

   [amulet of reflection]

   It reflects blocked missile attacks.
   Str:       It affects your strength (+3).
   Dex:       It affects your dexterity (+5).
   rN:        It protects you from negative energy.
   Drain:     It drains your maximum health when unequipped.
   SH:        It affects your SH (+5).
Wands
 h - a wand of acid (3)
 i - a wand of iceblast (2)
 p - a wand of flame (3)
Scrolls
 g - 4 scrolls of blinking
 j - 3 scrolls of fog
Potions
 b - a potion of curing
 c - 4 potions of heal wounds
 d - 4 potions of haste
 e - 2 potions of magic
 f - a potion of berserk rage
 k - a potion of resistance


   Skills:
 - Level 0.8 Short Blades
 - Level 1.7 Dodging
 - Level 1.7 Stealth
 + Level 8.7 Spellcasting
 - Level 2.7 Conjurations
 + Level 12.1 Air Magic
 - Level 1.0 Evocations


You had 13 spell levels left.
You knew the following spells:

 Your Spells              Type           Power      Damage    Failure   Level
a - Shock                 Conj/Air       100%       1d9       1%          1
b - Swiftness             Air            70%        N/A       1%          3
c - Static Discharge      Conj/Air       54%        N/A       1%          2
d - Airstrike             Air            35%        N/A       1%          4

Your spell library contained the following spells:

 Spells                   Type           Power      Damage    Failure   Level


Dungeon Overview and Level Annotations

Branches:
Dungeon (1/1)

Shops:
D *[??*?*:[((!!!!


Innate Abilities, Weirdness & Mutations

You have an increased reservoir of magic. (+10% MP)
You shall have no god before yourself.
Your divine heritage dramatically boosts your attributes as you level up.


Message History

a +0 club; a +0 robe
Okay, then.
An ogre comes into view. It is wielding a +0 giant spiked club.
You start resting.
An ogre is nearby!
Things that are here:
a +0 club; a +0 robe You start resting.
An ogre is nearby!
You are too injured to fight recklessly!
Casting: Shock (safe; 1% risk of failure)
Confirm with . or Enter, or press ? or * to list all spells.
Aiming: Shock (safe; 1% risk of failure)
Press: ? - help, Shift-Dir - straight line, f - ogre
Aim: an ogre, wielding a +0 giant club (wandering, hasn't noticed you, 88% to hit)
Okay, then.
Things that are here:
a +0 club; a +0 robe
Casting: Shock (safe; 1% risk of failure)
Confirm with . or Enter, or press ? or * to list all spells.
Aiming: Shock (safe; 1% risk of failure)
Press: ? - help, Shift-Dir - straight line The zap hits the ogre.
The ogre is lightly wounded.
The ogre shouts!
The zap hits the ogre.
The ogre is lightly wounded.
Unknown command.
Unknown command.
A two-headed ogre comes into view. It is wielding two +0 giant clubs.
The two-headed ogre shouts in stereo!
The ogre shouts!
Okay, then.
An ogre comes into view. It is wielding a +0 giant spiked club.
Okay, then.
The ogre misses you.
Okay, then.
The ogre shouts!
The ogre hits you with a +0 giant spiked club!!
You die...

#∩.......∩# #_......._#
#_........# #_......._#
###...O.....###
#⌠.O.........§#
######O8.........8.####
##.___.O....###......_._
###∩.....@..8.# #.8.......
##...(.........###.........
#⌠....(...).###...###).....
#⌠......[...# #.<.# #......
#⌠..........###...###......
##.............###.........
###∩........8O# #.8.......
##∩___......###......___
######.8.).......8.####


You could see a two-headed ogre and 3 ogres.

Vanquished Creatures
  An ogre mage (D)
  A necrophage (D)
  Ijyb (D)
  An adder zombie (D)
  A bat zombie (D)
  3 goblins (D)
  2 ball python zombies (D)
  A kobold (D)
11 creatures vanquished.

Vanquished Creatures (others)
  A kobold brigand (D)
1 creature vanquished.

Grand Total: 12 creatures vanquished

Notes
Turn   | Place    | Note
-------+----------+-------------------------------------------
     0 | D        | McKennaii the Demigod Air Elementalist began the quest for
                  | the Orb.
     0 | D        | Reached XP level 1. HP: 14/14 MP: 5/5
     5 | D        | Found Doaxt's Identification Station.
     5 | D        | Round 1.
     6 | D        | Found Ymivvola's Jewellery.
     6 | D        | Found Cieli's Advanced Armour.
    14 | D        | Bought a brightly glowing jade ring for 45 gold pieces
    14 | D        | Identified the ring of Hiydwixoje {rPois rC- MP+9 Str+2
                  | SInv} (You bought it in a shop in the Dungeon)
    14 | D        | Bought an ancient iron ring for 45 gold pieces
    14 | D        | Identified the ring "Cinerghun" {Will+ rCorr Int+4} (You
                  | bought it in a shop in the Dungeon)
    14 | D        | Bought a faintly glowing amethyst amulet for 45 gold pieces
    14 | D        | Identified the amulet "Cihata Colo" {Reflect Drain rN+
                  | Str+3 Dex+5 SH+5} (You bought it in a shop in the Dungeon)
    17 | D        | Noticed a kobold brigand
    29 | D        | Killed a kobold brigand
    30 | D        | Reached skill level 1 in Conjurations
    30 | D        | Reached skill level 6 in Air Magic
    30 | D        | Reached XP level 2. HP: 20/20 MP: 1/8
    30 | D        | Reached XP level 3. HP: 26/26 MP: 1/10
   109 | D        | Noticed Ijyb
   116 | D        | Killed Ijyb
   116 | D        | Arena points: 14 (+14) [x2]
   117 | D        | Reached skill level 7 in Air Magic
   117 | D        | Reached XP level 4. HP: 21/33 MP: 3/12
   145 | D        | Round 2.
   147 | D        | Noticed a necrophage
   158 | D        | Found Wohed's Magic Scroll Shop.
   158 | D        | Found Zefeik's Staff Store.
   160 | D        | Found Haubbaj's Magic Scroll Shop.
   160 | D        | Found Fooss's Must-Have Magic.
   173 | D        | Killed a necrophage
   174 | D        | Reached skill level 9 in Air Magic
   174 | D        | Reached skill level 1 in Evocations
   174 | D        | Reached XP level 5. HP: 28/38 MP: 4/14
   175 | D        | Found Liski's Premium Goods.
   175 | D        | Found Icony's Weapon Rack.
   176 | D        | Found Wimpuhi's Miscellaneous Merchandise.
   176 | D        | Found Orch's Basic Armour.
   183 | D        | Learned a level 3 spell: Swiftness
   189 | D        | Arena points: 50 (+36) [x3]
   193 | D        | Learned a level 2 spell: Static Discharge
   198 | D        | Learned a level 4 spell: Airstrike
   222 | D        | Round 3.
   223 | D        | Noticed an ogre mage
   260 | D        | Found Fororeaz's Do-It-Yourself Clinic.
   260 | D        | Found Qicem's Distillery.
   261 | D        | Found Xaynal's Bottled Wisdom.
   261 | D        | Found Usiockio's Distillery.
   297 | D        | Noticed an ogre
   305 | D        | Killed an ogre mage
   306 | D        | Reached skill level 12 in Air Magic
   306 | D        | Reached XP level 6. HP: 10/45 MP: 8/21
   306 | D        | Reached XP level 7. HP: 11/50 MP: 8/23
   331 | D        | Noticed a two-headed ogre
   350 | D        | Slain by an ogre

Illustrated notes

Levels and vault maps discovered:
D:        arena_sprint

Skill      XL: |  1  2  3  4  5 |
---------------+----------------+-----
Spellcasting   | 3 4 8 |  8.7
Conjurations   | 1 2 |  2.7
Air Magic      | 6 7 9 12 | 12.1
Evocations     | 1 |  1.0
Short Blades   | |  0.8
Dodging        | |  1.7
Stealth        | |  1.7

Action                   |  1- 3 |  4- 6 |  7- 9 || total
-------------------------+-------+-------+-------++-------
Melee: Unarmed           |     1 |       |       ||     1
       Dagger            |     1 |       |       ||     1
 Cast: Shock             |    17 |    17 |     1 ||    35
       Airstrike         |       |     3 |       ||     3
Evoke: Wand              |     3 |     2 |       ||     5
Armor: Robe              |     1 |     2 |       ||     3
Dodge: Dodged            |     5 |    10 |     1 ||    16
Block: Other             |     1 |     5 |       ||     6
       Reflection        |     1 |       |       ||     1
